Map: Scalo orbitale (Bilanciamento 3.0.5 v1.0)

Players

Jhyrachy

  • Race: Zerg Zerg
  • League: Silver

LaWeedaLoca - Winner!

  • Race: Terran Terran
  • League: Master

VOD

Have the link to the VOD?

Description

Time

  • Played on: Dec. 7, 2015, 3:06 p.m.
  • Length: 9:48
Show
View Real Time Build Order
Export as new Build Order

Jhyrachy Zerg 

Build Orders: Hatch First 

Get SALT Encoding   

  12  0:01  Drone  
  13  0:13  Overlord  
  13  0:18  Drone  
  14  0:31  Drone x2  
  16  0:52  Hatchery, Drone  
  16  1:00  Drone  
  17  1:05  Extractor  
  17  1:06  Drone  
  17  1:16  Spawning Pool  
  16  1:20  Drone  
  18  1:32  Drone  
  18  1:34  Overlord  
  18  1:54  Drone  
  19  2:03  Queen  
  19  2:07  Zergling x4  
  23  2:14  Drone  
  24  2:21  Queen  
  24  2:22  Zergling x4  
  27  3:08  Metabolic Boost  
  27  3:15  Drone x4  
  27  3:16  Drone x2  
  27  3:19  Extractor  
  32  3:27  Evolution Chamber  
  29  4:17  Roach Warren  
  29  4:22  Zergling x8  
  29  4:23  Zergling x4  
  33  4:41  Drone x3  
  33  4:43  Overlord x3  
  35  4:58  Pneumatized Carapace  
  35  5:05  Zergling x14  
  42  5:13  Zerg Ground Armor Level 1  
  42  5:41  Roach  
  42  5:42  Roach x7  
  58  5:43  Overlord  
  58  5:44  Overlord x2  
  58  6:19  Hatchery  
  53  6:57  Lair  
  53  7:02  Baneling Nest  
  53  7:04  Queen  
  53  7:22  Roach  
  48  7:23  Roach x10  
  58  7:41  Burrow  
  58  8:00  Drone x3  
  58  8:01  Drone x3  
  64  8:35  Extractor  
  55  8:51  Extractor  
  54  8:56  Drone x5  
  54  8:58  Overlord x2  
  45  9:07  Zergling x2  
  45  9:08  Zergling x12  
  28  9:26  Overseer  
Show
View Real Time Build Order
Export as new Build Order

LaWeedaLoca Terran - Winner!

Build Orders: Reaper Expand, MMM Bio 

Get SALT Encoding   

  12  0:01  SCV  
  13  0:13  SCV  
  14  0:18  Supply Depot  
  14  0:25  SCV  
  15  0:39  SCV  
  15  0:41  Barracks  
  16  0:46  Refinery  
  16  0:51  SCV  
  17  1:03  SCV  
  18  1:16  SCV  
  19  1:29  Orbital Command  
  19  1:30  Reaper  
  20  1:43  Command Center  
  20  1:54  SCV  
  20  1:58  Supply Depot  
  21  2:02  Reaper  
  21  2:06  SCV  
  23  2:20  SCV  
  24  2:24  Factory  
  24  2:38  SCV  
  24  2:43  Barracks Reactor  
  25  2:44  Command Center  
  25  2:50  Refinery  
  25  2:51  SCV  
  26  2:56  Orbital Command  
  26  3:06  SCV  
  27  3:23  SCV x2  
  29  3:27  Hellion x2  
  29  3:29  Barracks Tech Lab  
  33  3:35  SCV x2  
  35  3:45  Barracks  
  35  3:47  SCV x2  
  37  3:48  Marine  
  37  3:49  Barracks  
  37  3:50  Hellion x2  
  37  3:53  Stimpack  
  42  4:01  SCV x2  
  44  4:03  Orbital Command  
  44  4:11  Marine  
  44  4:13  SCV x2  
  47  4:17  Starport  
  47  4:25  SCV  
  47  4:29  SCV x2  
  50  4:36  Barracks Reactor, Refinery  
  50  4:37  Refinery, Barracks Reactor, SCV  
  51  4:40  Engineering Bay  
  51  4:41  SCV x2, Engineering Bay  
  51  4:56  Starport Reactor  
  51  4:57  SCV x3  
  54  5:02  Factory Reactor  
  54  5:04  Barracks  
  54  5:07  Orbital Command, Terran Infantry Weapons Level 1  
  54  5:09  SCV x2, Barracks  
  54  5:13  Terran Infantry Armor Level 1, Marine x2  
  54  5:14  Marine x3  
  61  5:26  Supply Depot  
  61  5:27  Supply Depot  
  61  5:38  Marine x5  
  61  5:39  SCV x3  
  69  5:48  Medivac  
  71  5:50  Supply Depot x2  
  71  5:51  SCV x2  
  71  5:55  Marine x2  
  71  5:56  Marine x3  
  80  5:57  Marauder  
  80  6:02  SCV  
  80  6:03  SCV x2  
  83  6:14  Missile Turret  
  83  6:15  Marine x5, SCV x3, Barracks Tech Lab  
  87  6:25  Medivac x2  
  91  6:33  Supply Depot  
  91  6:34  SCV, Supply Depot  
  91  6:37  Widow Mine x2  
  91  6:38  Missile Turret  
  91  6:39  Missile Turret  
  96  6:48  Armory  
  96  6:53  Refinery, Marine x2  
  96  6:54  Refinery, Marauder, Combat Shields  
  100  6:55  Concussive Shells  
  100  6:57  Marine x2  
  102  7:01  Marine x2  
  102  7:08  Supply Depot  
  104  7:13  Supply Depot  
  100  7:23  Marauder, Marine x6  
  100  7:24  Marauder  
  100  7:26  SCV  
  111  7:33  Supply Depot  
  111  7:36  Supply Depot  
  111  7:40  Marine x2  
  111  7:41  Marine x2  
  115  7:45  Marauder  
  116  7:58  Marine x2  
  114  7:59  Marauder  
  114  8:04  SCV x3  
  121  8:07  Medivac  
  121  8:08  Medivac  
  121  8:09  Marine  
  121  8:10  Barracks  
  121  8:11  Marine, Barracks  
  127  8:23  Command Center  
  127  8:28  Missile Turret  
  127  8:30  Marine  
  127  8:31  Marine  
  127  8:32  Missile Turret, Marauder  
  131  8:36  Marine x4  
  131  8:37  Marauder, Medivac  
  131  8:38  Medivac  
  141  8:48  Marine  
  141  8:49  Marine  
  141  8:53  Marauder  
  141  8:54  Marine  
  146  8:58  Marauder  
  141  9:05  Marine x3  
  141  9:06  Marine  
  144  9:15  Marauder  
  141  9:20  Marauder  
  143  9:40  Barracks Tech Lab  
  143  9:45  Supply Depot  
  143  9:46  Barracks Tech Lab  
  143  9:48  Supply Depot  
Tags
 
Add a new tag
Caveats
  • Supply blocks, unpowered buildings, or Contaminate may cause inaccurate times.
  • Supply counts are checked every 10 seconds.